AA
BUFFALO RED WINGS @ HARRISBURG CAPITALS
06/30/2060
 
TOP OF THE 1ST
Buffalo Red Wings batting - Pitching for Harrisburg Capitals : RHP Cooper Horn
Pitching: RHP Cooper Horn
Batting: RHB Braydon Makris 0-0: Ball
1-0: Swinging Strike
1-1: Foul Ball, location: 2F
1-2: Foul Ball, location: 2F
1-2: Ground out 6-3 (Groundball, 6, EV 84.4 MPH)
Batting: SHB Brannon Acevedo 0-0: Called Strike
0-1: Ball
1-1: Foul Ball, location: 2F
1-2: Ground out 6-3 (Groundball, P, EV 86.9 MPH)
Batting: RHB Chandler Penrod 0-0: Ball
1-0: Foul Ball, location: 2F
1-1: Foul Ball, location: 2F
1-2: Foul Ball, location: 2F
1-2: Foul Ball, location: 2F
1-2: Ground out 5-3 (Groundball, 56, EV 100.6 MPH)
Top of the 1st over - 0 runs, 0 hits, 0 errors, 0 left on base; Buffalo 0 - Harrisburg 0
BOTTOM OF THE 1ST
Harrisburg Capitals batting - Pitching for Buffalo Red Wings : LHP Didi Vu
Pitching: LHP Didi Vu
Batting: RHB Dave Bourcy 0-0: Ball
1-0: Called Strike
1-1: Ball
2-1: Foul Ball, location: 2F
2-2: SOLO HOME RUN (Flyball, 7D, EV 111.2 MPH), Distance : 413 ft
Batting: RHB Jonah Howard 0-0: Ground out 5-3 (Groundball, 56S, EV 86.9 MPH)
Batting: LHB Carnell Sighel 0-0: Foul Ball, location: 2F
0-1: Hit by Pitch
Batting: LHB Tommy Olson 0-0: Ball
1-0: Fly out, F8 (Flyball, 78M, EV 85.6 MPH)
Batting: RHB Eli Turner 0-0: Fly out, F3 (Line Drive, 3D, EV 68.1 MPH)
Bottom of the 1st over - 1 run, 1 hit, 0 errors, 1 left on base; Buffalo 0 - Harrisburg 1
TOP OF THE 2ND
Buffalo Red Wings batting - Pitching for Harrisburg Capitals : RHP Cooper Horn
Batting: RHB Jasper Humphries 0-0: Called Strike
0-1: Ball
1-1: Ball
2-1: Ball
3-1: Base on Balls
Batting: RHB Logan Combs 0-0: Ball
1-0: Foul Ball, location: 2F
1-1: Swinging Strike
1-2: Strikes out swinging
Batting: RHB Tris Kathirithamby 0-0: Ball
1-0: Ball
2-0: Called Strike
2-1: Called Strike
2-2: Fly out, F9 (Flyball, 9LSF, EV 84.4 MPH)
Batting: RHB Israel Coates 0-0: Ball
Wild Pitch!
Jasper Humphries to second
1-0: Swinging Strike
1-1: Foul Ball, location: 2F
1-2: Ground out 4-3 (Groundball, 4S, EV 68.1 MPH)
Top of the 2nd over - 0 runs, 0 hits, 0 errors, 1 left on base; Buffalo 0 - Harrisburg 1
BOTTOM OF THE 2ND
Harrisburg Capitals batting - Pitching for Buffalo Red Wings : LHP Didi Vu
Batting: RHB Nikolas Sartain 0-0: Foul Ball, location: 2F
0-1: Ground out U3 (Groundball, 3L, EV 100.0 MPH)
Batting: RHB Zack Jackson 0-0: Called Strike
0-1: Called Strike
0-2: Strikes out looking
Batting: RHB Jim Shelley 0-0: Ball
1-0: SINGLE (Groundball, 6D, EV 96.2 MPH)
Batting: RHB Deric Sykora 0-0: Ball
1-0: Ball
2-0: Fielders Choice at 2nd, 6-4 (Groundball, 6, EV 103.8 MPH)
Bottom of the 2nd over - 0 runs, 1 hit, 0 errors, 1 left on base; Buffalo 0 - Harrisburg 1
TOP OF THE 3RD
Buffalo Red Wings batting - Pitching for Harrisburg Capitals : RHP Cooper Horn
Batting: RHB Brinson Sarmiento 0-0: Ball
1-0: Ball
2-0: Swinging Strike
2-1: Swinging Strike
2-2: Strikes out looking
Batting: RHB Townes Zhan 0-0: Foul Ball, location: 2F
0-1: Foul Ball, location: 2F
0-2: SINGLE (Groundball, 6MS, EV 65.6 MPH) (infield hit)
Batting: RHB Braydon Makris 0-0: Ball
1-0: Ball
2-0: Foul Ball, location: 2F
2-1: Foul Ball, location: 2F
2-2: Reached on error, E5 (Groundball, 5, EV 83.1 MPH)
Townes Zhan to second
Batting: SHB Brannon Acevedo 0-0: Fly out, F7 (Flyball, 78D, EV 98.8 MPH)
Runner from 2nd tags up, SAFE at 3rd with throw by LF
Batting: RHB Chandler Penrod 0-0: Ball
1-0: Called Strike
1-1: Ball
2-1: Swinging Strike
2-2: SINGLE (Groundball, 56D, EV 105.6 MPH)
Townes Zhan scores
Braydon Makris to second
Runner from 2nd tries for 3rd, SAFE, throw by LF made to third
Batting: RHB Jasper Humphries 0-0: Fielders Choice at 2nd, 5-4 (Groundball, 5, EV 81.9 MPH)
Top of the 3rd over - 1 run, 2 hits, 1 error, 2 left on base; Buffalo 1 - Harrisburg 1
BOTTOM OF THE 3RD
Harrisburg Capitals batting - Pitching for Buffalo Red Wings : LHP Didi Vu
Batting: RHB Dave Bourcy 0-0: SINGLE (Line Drive, 89S, EV 85.6 MPH)
Batting: RHB Jonah Howard 0-0: Called Strike
0-1: Ball
1-1: Ball
2-1: Called Strike
2-2: Foul Ball, location: 2F
2-2: Foul Ball, location: 2F
2-2: SINGLE (Groundball, 3D, EV 105.0 MPH)
Dave Bourcy to second
Runner from 2nd tries for 3rd, SAFE, throw by RF made to third
Jonah Howard to second
Batting: LHB Carnell Sighel 0-0: Foul Ball, location: 2F
0-1: Called Strike
0-2: Strikes out swinging
Batting: LHB Tommy Olson 0-0: Ball
1-0: Called Strike
1-1: Ground out 4-3 (Groundball, 4, EV 81.9 MPH)
Dave Bourcy scores
Jonah Howard to third
Batting: RHB Eli Turner 0-0: Ball
1-0: Ball
2-0: Ball
3-0: Called Strike
3-1: Swinging Strike
3-2: Base on Balls
Batting: RHB Nikolas Sartain 0-0: Ball
1-0: Swinging Strike
1-1: Ball
2-1: Foul Ball, location: 2F
2-2: SINGLE (Line Drive, 56D, EV 95.0 MPH)
Jonah Howard scores
Eli Turner to second
Runner from 2nd tries for 3rd, SAFE, throw by LF made to third
Batting: RHB Zack Jackson 0-0: Ball
1-0: Ball
2-0: Ball
3-0: Called Strike
3-1: Foul Ball, location: 2F
3-2: Base on Balls
Nikolas Sartain to second
Batting: RHB Jim Shelley 0-0: Ground out 4-3 (Groundball, 4, EV 89.4 MPH)
Bottom of the 3rd over - 2 runs, 3 hits, 0 errors, 3 left on base; Buffalo 1 - Harrisburg 3
TOP OF THE 4TH
Buffalo Red Wings batting - Pitching for Harrisburg Capitals : RHP Cooper Horn
Batting: RHB Logan Combs 0-0: SOLO HOME RUN (Flyball, 78XD, EV 114.4 MPH), Distance : 435 ft
Batting: RHB Tris Kathirithamby 0-0: Ball
1-0: Ball
2-0: Ball
3-0: Called Strike
3-1: SOLO HOME RUN (Line Drive, 7D, EV 106.2 MPH), Distance : 427 ft
Batting: RHB Israel Coates 0-0: Ground out 5-3 (Groundball, 56, EV 105.0 MPH)
Batting: RHB Brinson Sarmiento 0-0: Called Strike
0-1: Foul Ball, location: 2F
0-2: Foul Ball, location: 2F
0-2: Foul Ball, location: 2F
0-2: Ball
1-2: Foul Ball, location: 2F
1-2: Ball
2-2: Foul Ball, location: 2F
2-2: Foul Ball, location: 2F
2-2: Ground out U3 (Groundball, 3, EV 80.0 MPH)
Batting: RHB Townes Zhan 0-0: Ball
1-0: Ball
2-0: Ball
3-0: Base on Balls
Batting: RHB Braydon Makris 0-0: Ball
Townes Zhan is caught stealing 2nd base 2-4
Top of the 4th over - 2 runs, 2 hits, 0 errors, 0 left on base; Buffalo 3 - Harrisburg 3
BOTTOM OF THE 4TH
Harrisburg Capitals batting - Pitching for Buffalo Red Wings : LHP Didi Vu
Batting: RHB Deric Sykora 0-0: Called Strike
0-1: Ball
1-1: Foul Ball, location: 2F
1-2: Ball
2-2: Fly out, F4 (Popup, 4S, EV 65.6 MPH)
Batting: RHB Dave Bourcy 0-0: Ball
1-0: Foul Ball, location: 2F
1-1: Called Strike
1-2: Ball
2-2: Foul Ball, location: 2F
2-2: Foul Ball, location: 2F
2-2: Ball
3-2: Base on Balls
Batting: RHB Jonah Howard 0-0: Fielders Choice at 2nd, 4-6 (Groundball, 4, EV 86.9 MPH)
Batting: LHB Carnell Sighel 0-0: Swinging Strike
0-1: Fly out, F7 (Flyball, 7LM, EV 90.6 MPH)
Bottom of the 4th over - 0 runs, 0 hits, 0 errors, 1 left on base; Buffalo 3 - Harrisburg 3
TOP OF THE 5TH
Buffalo Red Wings batting - Pitching for Harrisburg Capitals : RHP Cooper Horn
Batting: RHB Braydon Makris 0-0: Ball
1-0: SINGLE (Line Drive, 6D, EV 102.5 MPH)
Batting: SHB Brannon Acevedo 0-0: Ball
1-0: Ball
2-0: Bunted foul
2-1: Bunted foul
2-2: Foul Ball, location: 2F
2-2: Ball
3-2: Base on Balls
Braydon Makris to second
Batting: RHB Chandler Penrod 0-0: Grounds into double play, 4-6-3 (Groundball, 4D, EV 85.0 MPH)
Braydon Makris to third
Batting: RHB Jasper Humphries 0-0: Swinging Strike
0-1: Foul Ball, location: 2F
0-2: Strikes out swinging
Top of the 5th over - 0 runs, 1 hit, 0 errors, 1 left on base; Buffalo 3 - Harrisburg 3
BOTTOM OF THE 5TH
Harrisburg Capitals batting - Pitching for Buffalo Red Wings : LHP Didi Vu
Batting: LHB Tommy Olson 0-0: Foul Ball, location: 2F
0-1: Called Strike
0-2: Ball
1-2: Ball
2-2: Ball
3-2: Foul Ball, location: 2F
3-2: Fly out, F8 (Flyball, 78D, EV 105.6 MPH)
Batting: RHB Eli Turner 0-0: Ball
1-0: Foul Ball, location: 2F
1-1: Ball
2-1: Ball
3-1: Swinging Strike
3-2: Base on Balls
Batting: RHB Nikolas Sartain 0-0: Called Strike
0-1: Ball
1-1: Ball
2-1: Foul Ball, location: 2F
2-2: Ball
3-2: Strikes out swinging
Batting: RHB Zack Jackson 0-0: Foul Ball, location: 2F
0-1: Swinging Strike
0-2: Foul Ball, location: 2F
0-2: Ground out 4-3 (Groundball, 34, EV 100.0 MPH)
Bottom of the 5th over - 0 runs, 0 hits, 0 errors, 1 left on base; Buffalo 3 - Harrisburg 3
TOP OF THE 6TH
Buffalo Red Wings batting - Pitching for Harrisburg Capitals : RHP Cooper Horn
Batting: RHB Logan Combs 0-0: Called Strike
0-1: Ball
1-1: Foul Ball, location: 2F
1-2: SOLO HOME RUN (Flyball, 7D, EV 107.5 MPH), Distance : 419 ft
Batting: RHB Tris Kathirithamby 0-0: Foul Ball, location: 2F
0-1: Called Strike
0-2: Ball
1-2: Strikes out swinging
Pitching: RHP Samuel Zimmerman
Batting: RHB Israel Coates 0-0: Ball
1-0: Ground out 5-3 (Groundball, 56S, EV 93.8 MPH)
Batting: RHB Brinson Sarmiento 0-0: Ball
1-0: SINGLE (Flyball, 4D, EV 91.9 MPH)
Batting: RHB Townes Zhan 0-0: Called Strike
Brinson Sarmiento steals 2nd base
0-1: Ball
1-1: Foul Ball, location: 2F
1-2: Ball
2-2: Ball
3-2: Base on Balls
Batting: RHB Braydon Makris 0-0: Ball
1-0: Ball
2-0: Called Strike
2-1: Ground out 5-3 (Groundball, 56S, EV 86.2 MPH)
Top of the 6th over - 1 run, 2 hits, 0 errors, 2 left on base; Buffalo 4 - Harrisburg 3
BOTTOM OF THE 6TH
Harrisburg Capitals batting - Pitching for Buffalo Red Wings : LHP Didi Vu
Batting: RHB Jim Shelley 0-0: Called Strike
0-1: Called Strike
0-2: Ball
1-2: Strikes out swinging
Batting: RHB Deric Sykora 0-0: Ball
1-0: Ground out 6-3 (Groundball, 4M, EV 101.2 MPH)
Batting: RHB Dave Bourcy 0-0: Called Strike
0-1: Swinging Strike
0-2: Ball
1-2: Foul Ball, location: 2F
1-2: Foul Ball, location: 2F
1-2: Fly out, F8 (Flyball, 8LM, EV 89.4 MPH)
Bottom of the 6th over - 0 runs, 0 hits, 0 errors, 0 left on base; Buffalo 4 - Harrisburg 3
TOP OF THE 7TH
Buffalo Red Wings batting - Pitching for Harrisburg Capitals : RHP Samuel Zimmerman
Batting: SHB Brannon Acevedo 0-0: DOUBLE (Line Drive, 9LM, EV 89.4 MPH)
Batting: RHB Chandler Penrod 0-0: Ball
1-0: Foul Ball, location: 2F
1-1: Called Strike
1-2: Strikes out looking
Batting: RHB Jasper Humphries 0-0: Intentional Walk
Batting: RHB Logan Combs 0-0: Foul Ball, location: 2F
0-1: Ball
1-1: Ball
2-1: Swinging Strike
2-2: Strikes out swinging
Batting: RHB Tris Kathirithamby 0-0: Foul Ball, location: 2F
0-1: Foul Ball, location: 2F
0-2: Ball
1-2: Ball
2-2: Strikes out swinging
Top of the 7th over - 0 runs, 1 hit, 0 errors, 2 left on base; Buffalo 4 - Harrisburg 3
BOTTOM OF THE 7TH
Harrisburg Capitals batting - Pitching for Buffalo Red Wings : LHP Didi Vu
Pitching: RHP Nash Austin
Batting: RHB Jonah Howard 0-0: Ball
1-0: Ground out 4-3 (Groundball, 4, EV 82.5 MPH)
Batting: LHB Carnell Sighel 0-0: SOLO HOME RUN (Line Drive, 9D, EV 100.0 MPH), Distance : 407 ft
Batting: LHB Tommy Olson 0-0: Called Strike
0-1: Ball
1-1: Fly out, F7 (Flyball, 78S, EV 80.0 MPH)
Batting: RHB Eli Turner 0-0: Ball
1-0: Foul Ball, location: 2F
1-1: Foul Ball, location: 2F
1-2: Ball
2-2: SINGLE (Line Drive, 8RS, EV 105.6 MPH)
Batting: RHB Nikolas Sartain 0-0: Ball
1-0: Swinging Strike
1-1: Ball
2-1: Ball
3-1: Base on Balls
Eli Turner to second
Batting: RHB Zack Jackson 0-0: Swinging Strike
0-1: DOUBLE (Line Drive, 7LM, EV 101.2 MPH)
Eli Turner scores
Nikolas Sartain to third
Runner from 3rd tries for Home, throw by LF and OUT! 7-6-2
Bottom of the 7th over - 2 runs, 3 hits, 0 errors, 1 left on base; Buffalo 4 - Harrisburg 5
TOP OF THE 8TH
Buffalo Red Wings batting - Pitching for Harrisburg Capitals : RHP Samuel Zimmerman
Pinch Hitting: LHB Joel Van Dusen 0-0: Ball
1-0: Called Strike
1-1: Ball
2-1: Ball
3-1: Fly out, F7 (Line Drive, 7D, EV 87.5 MPH)
Batting: RHB Brinson Sarmiento 0-0: Ball
1-0: Ball
2-0: Called Strike
2-1: SINGLE (Groundball, 25, EV 72.5 MPH) (infield hit)
Pitching: LHP Jakob Bey
Batting: RHB Townes Zhan 0-0: Ball
1-0: Ball
2-0: Called Strike
2-1: Foul Ball, location: 2F
2-2: Foul Ball, location: 2F
2-2: Ball
3-2: TRIPLE (Flyball, 89XD, EV 100.0 MPH)
Brinson Sarmiento scores
Batting: RHB Braydon Makris 0-0: Swinging Strike
0-1: Ball
1-1: Ball
2-1: Ball
3-1: Ground out 4-3 (Groundball, 4, EV 78.8 MPH)
Batting: SHB Brannon Acevedo 0-0: Called Strike
0-1: Fly out, F9 (Line Drive, 9LM, EV 105.6 MPH)
Top of the 8th over - 1 run, 2 hits, 0 errors, 1 left on base; Buffalo 5 - Harrisburg 5
BOTTOM OF THE 8TH
Harrisburg Capitals batting - Pitching for Buffalo Red Wings : RHP Nash Austin
Now in LF: Braydon Makris
Now in RF: Rhys Oqvist
Pinch Hitting: LHB K.C. Subagja 0-0: Ground out 1-3 (Groundball, P, EV 71.9 MPH)
Batting: RHB Deric Sykora 0-0: Ball
1-0: SINGLE (Flyball, 56D, EV 93.1 MPH)
Batting: RHB Dave Bourcy 0-0: Called Strike
0-1: Ball
1-1: Ball
2-1: Foul Ball, location: 2F
2-2: Strikes out swinging
Batting: RHB Jonah Howard 0-0: Called Strike
0-1: Ball
1-1: SINGLE (Line Drive, 3D, EV 95.6 MPH)
Deric Sykora to second
Runner from 2nd tries for 3rd, SAFE, throw by RF made to third
Batting: LHB Carnell Sighel 0-0: Ball
1-0: Ball
2-0: Swinging Strike
2-1: Swinging Strike
2-2: Strikes out swinging
Bottom of the 8th over - 0 runs, 2 hits, 0 errors, 2 left on base; Buffalo 5 - Harrisburg 5
TOP OF THE 9TH
Buffalo Red Wings batting - Pitching for Harrisburg Capitals : LHP Jakob Bey
Now at 3B: Tyler Johnson
Batting: RHB Chandler Penrod 0-0: Called Strike
0-1: Ball
1-1: Ball
2-1: Called Strike
2-2: Ball
3-2: Strikes out swinging
Batting: RHB Jasper Humphries 0-0: Swinging Strike
0-1: Ball
1-1: Called Strike
1-2: Ball
2-2: Ball
3-2: Strikes out swinging
Batting: RHB Logan Combs 0-0: Ball
1-0: Ball
2-0: Swinging Strike
2-1: SINGLE (Line Drive, 6D, EV 105.0 MPH)
Pitching: RHP Theodore Childers
Batting: RHB Tris Kathirithamby 0-0: Called Strike
0-1: Fly out, F4 (Popup, 3S, EV 78.1 MPH)
Top of the 9th over - 0 runs, 1 hit, 0 errors, 1 left on base; Buffalo 5 - Harrisburg 5
BOTTOM OF THE 9TH
Harrisburg Capitals batting - Pitching for Buffalo Red Wings : RHP Nash Austin
Batting: LHB Tommy Olson 0-0: Ground out U3 (Groundball, 34, EV 88.1 MPH)
Batting: RHB Eli Turner 0-0: Ball
1-0: Ball
2-0: Ball
3-0: Called Strike
3-1: Fly out, F9 (Flyball, 89S, EV 79.4 MPH)
Batting: RHB Nikolas Sartain 0-0: Ball
1-0: Fly out, F8 (Line Drive, 8LM, EV 86.2 MPH)
Bottom of the 9th over - 0 runs, 0 hits, 0 errors, 0 left on base; Buffalo 5 - Harrisburg 5
TOP OF THE 10TH
Buffalo Red Wings batting - Pitching for Harrisburg Capitals : RHP Theodore Childers
Batting: RHB Rhys Oqvist 0-0: Called Strike
0-1: Ball
1-1: Ball
2-1: Ball
3-1: Foul Ball, location: 2F
3-2: Strikes out swinging
Batting: RHB Brinson Sarmiento 0-0: Ball
1-0: Ball
2-0: Called Strike
2-1: Foul Ball, location: 2F
2-2: Strikes out swinging
Batting: RHB Townes Zhan 0-0: Foul Ball, location: 2F
0-1: Ball
1-1: Swinging Strike
1-2: Ball
2-2: Foul Ball, location: 2F
2-2: Strikes out swinging
Top of the 10th over - 0 runs, 0 hits, 0 errors, 0 left on base; Buffalo 5 - Harrisburg 5
BOTTOM OF THE 10TH
Harrisburg Capitals batting - Pitching for Buffalo Red Wings : RHP Nash Austin
Pitching: RHP Ricky Dougherty
Batting: RHB Zack Jackson 0-0: Called Strike
0-1: Swinging Strike
0-2: Ball
1-2: SINGLE (Groundball, 3D, EV 106.2 MPH)
Batting: LHB Tyler Johnson 0-0: Sac Bunt to 25 - play at first, batter OUT! 5-4
Zack Jackson to second
Batting: RHB Deric Sykora 0-0: Ground out 5-3 (Groundball, 56, EV 89.4 MPH)
Batting: RHB Dave Bourcy 0-0: Ball
1-0: Ball
2-0: Ball
3-0: Called Strike
3-1: Foul Ball, location: 2F
3-2: Base on Balls
Batting: RHB Jonah Howard 0-0: Called Strike
0-1: Ground out U3 (Groundball, 34, EV 85.6 MPH)
Bottom of the 10th over - 0 runs, 1 hit, 0 errors, 2 left on base; Buffalo 5 - Harrisburg 5
TOP OF THE 11TH
Buffalo Red Wings batting - Pitching for Harrisburg Capitals : RHP Theodore Childers
Batting: RHB Braydon Makris 0-0: Ball
1-0: Called Strike
1-1: Called Strike
1-2: Ball
2-2: Ball
3-2: Strikes out swinging
Batting: SHB Brannon Acevedo 0-0: Foul Ball, location: 2F
0-1: SINGLE (Groundball, 6M, EV 108.8 MPH)
Batting: RHB Chandler Penrod Pickoff Throw to First - Out! 1-3
0-0: Ball
1-0: Fly out, F7 (Flyball, 7, EV 90.6 MPH)
Top of the 11th over - 0 runs, 1 hit, 0 errors, 0 left on base; Buffalo 5 - Harrisburg 5
BOTTOM OF THE 11TH
Harrisburg Capitals batting - Pitching for Buffalo Red Wings : RHP Ricky Dougherty
Batting: LHB Carnell Sighel 0-0: Called Strike
0-1: Fly out, F8 (Flyball, 89D, EV 86.9 MPH)
Batting: LHB Tommy Olson 0-0: Ball
1-0: Called Strike
1-1: Ball
2-1: Swinging Strike
2-2: Ball
3-2: Strikes out swinging
Batting: RHB Eli Turner 0-0: Ball
1-0: Called Strike
1-1: Swinging Strike
1-2: Foul Ball, location: 2F
1-2: Ball
2-2: Strikes out looking
Bottom of the 11th over - 0 runs, 0 hits, 0 errors, 0 left on base; Buffalo 5 - Harrisburg 5
TOP OF THE 12TH
Buffalo Red Wings batting - Pitching for Harrisburg Capitals : RHP Theodore Childers
Pitching: RHP Tim Paul
Batting: RHB Jasper Humphries 0-0: Ball
1-0: Swinging Strike
1-1: Ball
2-1: Ground out 4-3 (Groundball, 4M, EV 78.1 MPH)
Batting: RHB Logan Combs 0-0: Swinging Strike
0-1: Fly out, F9 (Flyball, 9D, EV 88.1 MPH)
Batting: RHB Tris Kathirithamby 0-0: Ball
1-0: Called Strike
1-1: Ball
2-1: Foul Ball, location: 2F
2-2: Strikes out swinging
Top of the 12th over - 0 runs, 0 hits, 0 errors, 0 left on base; Buffalo 5 - Harrisburg 5
BOTTOM OF THE 12TH
Harrisburg Capitals batting - Pitching for Buffalo Red Wings : RHP Ricky Dougherty
Pitching: LHP Edwin Nolan
Batting: RHB Nikolas Sartain 0-0: Ball
1-0: Ball
2-0: Foul Ball, location: 2F
2-1: Ball
3-1: SINGLE (Line Drive, 8LS, EV 109.4 MPH)
Batting: RHB Zack Jackson 0-0: Bunted foul
0-1: Ball
1-1: Bunted foul
1-2: Strikes out looking
Pinch Hitting: RHB Julian Liszewski 0-0: Ball
1-0: Ball
2-0: Foul Ball, location: 2F
2-1: Ball
3-1: Base on Balls
Nikolas Sartain to second
Batting: RHB Deric Sykora 0-0: Called Strike
0-1: Ball
1-1: Called Strike
1-2: Ball
2-2: Foul Ball, location: 2F
2-2: Ball
3-2: Strikes out swinging
Batting: RHB Dave Bourcy 0-0: Ball
1-0: Foul Ball, location: 2F
1-1: Swinging Strike
1-2: Fly out, F6 (Flyball, 6MD, EV 89.4 MPH)
Bottom of the 12th over - 0 runs, 1 hit, 0 errors, 2 left on base; Buffalo 5 - Harrisburg 5
TOP OF THE 13TH
Buffalo Red Wings batting - Pitching for Harrisburg Capitals : RHP Tim Paul
Now at 3B: Julian Liszewski
Batting: RHB Rhys Oqvist 0-0: Called Strike
0-1: Ground out 4-3 (Groundball, 4, EV 88.1 MPH)
Batting: RHB Brinson Sarmiento 0-0: Ball
1-0: Foul Ball, location: 2F
1-1: Ball
2-1: Reached on error, E3 (Groundball, 3S, EV 72.5 MPH)
Batting: RHB Townes Zhan 0-0: Foul Ball, location: 2F
0-1: Ball
1-1: Called Strike
1-2: Foul Ball, location: 2F
1-2: Strikes out looking
Batting: RHB Braydon Makris 0-0: Called Strike
0-1: Fly out, F8 (Flyball, 8LD, EV 91.9 MPH)
Top of the 13th over - 0 runs, 0 hits, 1 error, 1 left on base; Buffalo 5 - Harrisburg 5
BOTTOM OF THE 13TH
Harrisburg Capitals batting - Pitching for Buffalo Red Wings : LHP Edwin Nolan
Pitching: RHP Nic Lewin
Batting: RHB Jonah Howard 0-0: Swinging Strike
0-1: Ground out U3 (Groundball, 23, EV 76.9 MPH)
Batting: LHB Carnell Sighel 0-0: Called Strike
0-1: Called Strike
0-2: Ball
1-2: Strikes out swinging
Batting: LHB Tommy Olson 0-0: Foul Ball, location: 2F
0-1: Ball
1-1: Foul Ball, location: 2F
1-2: Strikes out looking
Bottom of the 13th over - 0 runs, 0 hits, 0 errors, 0 left on base; Buffalo 5 - Harrisburg 5
TOP OF THE 14TH
Buffalo Red Wings batting - Pitching for Harrisburg Capitals : RHP Tim Paul
Batting: SHB Brannon Acevedo 0-0: Ground out 4-3 (Groundball, 4, EV 103.8 MPH)
Batting: RHB Chandler Penrod 0-0: Ball
1-0: Ball
2-0: Ground out 5-3 (Groundball, 5, EV 80.0 MPH)
Batting: RHB Jasper Humphries 0-0: Swinging Strike
0-1: Foul Ball, location: 2F
0-2: Ball
1-2: Foul Ball, location: 2F
1-2: Foul Ball, location: 2F
1-2: Strikes out swinging
Top of the 14th over - 0 runs, 0 hits, 0 errors, 0 left on base; Buffalo 5 - Harrisburg 5
BOTTOM OF THE 14TH
Harrisburg Capitals batting - Pitching for Buffalo Red Wings : RHP Nic Lewin
Batting: RHB Eli Turner 0-0: Called Strike
0-1: Ball
1-1: Ball
2-1: Ball
3-1: Base on Balls
Batting: RHB Nikolas Sartain 0-0: Ball
1-0: Called Strike
1-1: Ball
2-1: Foul Ball, location: 2F
2-2: Strikes out swinging
Batting: RHB Zack Jackson 0-0: Ball
1-0: Grounds into double play, 6-4-3 (Groundball, 6, EV 89.4 MPH)
Bottom of the 14th over - 0 runs, 0 hits, 0 errors, 0 left on base; Buffalo 5 - Harrisburg 5
TOP OF THE 15TH
Buffalo Red Wings batting - Pitching for Harrisburg Capitals : RHP Tim Paul
Batting: RHB Logan Combs 0-0: Called Strike
0-1: Hit by Pitch
Batting: RHB Tris Kathirithamby 0-0: Ball
1-0: Ball
2-0: Called Strike
2-1: Fly out, F8 (Flyball, 8RD, EV 87.5 MPH)
Batting: RHB Rhys Oqvist 0-0: Ball
1-0: Ball
2-0: Called Strike
2-1: Ground out 4-3 (Groundball, 4D, EV 103.8 MPH)
Logan Combs to second
Batting: RHB Brinson Sarmiento 0-0: Called Strike
0-1: Called Strike
0-2: Ball
1-2: Ball
2-2: Reached on error, E6 (Groundball, 56D, EV 104.4 MPH)
Logan Combs scores
Pitching: RHP Lucas Eichler
Batting: RHB Townes Zhan 0-0: Called Strike
0-1: Ball
1-1: Ball
2-1: Foul Ball, location: 2F
2-2: Ball
3-2: Ground out 5-3 (Groundball, 56, EV 80.6 MPH)
Top of the 15th over - 1 run, 0 hits, 1 error, 1 left on base; Buffalo 6 - Harrisburg 5
BOTTOM OF THE 15TH
Harrisburg Capitals batting - Pitching for Buffalo Red Wings : RHP Nic Lewin
Pitching: RHP Grayson Card
Batting: RHB Julian Liszewski 0-0: Ball
1-0: Called Strike
1-1: Ball
2-1: Fly out, F4 (Popup, 4, EV 58.8 MPH)
Batting: RHB Deric Sykora 0-0: SINGLE (Line Drive, 8LS, EV 100.6 MPH)
Batting: RHB Dave Bourcy 0-0: Ball
1-0: Called Strike
1-1: Foul Ball, location: 2F
1-2: Foul Ball, location: 2F
1-2: Hit by Pitch
Deric Sykora to second
Batting: RHB Jonah Howard 0-0: Ball
1-0: Foul Ball, location: 2F
1-1: SINGLE (Line Drive, 6MD, EV 100.6 MPH)
Deric Sykora to third
Dave Bourcy to second
Batting: LHB Carnell Sighel 0-0: Ball
1-0: Ball
2-0: Foul Ball, location: 2F
2-1: SINGLE (Groundball, 34D, EV 95.6 MPH)
Deric Sykora scores
Dave Bourcy to third
Jonah Howard to second
Batting: LHB Tommy Olson 0-0: Foul Ball, location: 2F
0-1: Ball
1-1: Fly out, F9 (Flyball, 9, EV 95.6 MPH)
Runner from 3rd tags up, SCORES, throw by RF
Bottom of the 15th over - 2 runs, 3 hits, 0 errors, 2 left on base; Buffalo 6 - Harrisburg 7
Monday, May 13th , 2024 - OOTP Baseball 23.10 Build 110